 Dungeon Crawl Stone Soup version 0.25-a0-545-ge4db218afc (webtiles) character file.

Game seed: 11987331538237762914, levelgen mode: deterministic

632 Jannitor the Chopper (level 7, 0/37 HPs)
             Began as a Vine Stalker Fighter on Feb 21, 2020.
             Slain by a worker ant (5 damage)
             ... on level 5 of the Dungeon.
             The game lasted 00:02:43 (1862 turns).

Jannitor the Chopper (Vine Stalker Fighter)         Turns: 1862, Time: 00:02:44

Health: 0/37       AC:  8    Str: 26    XL:     7   Next: 49%
Magic:  0/8        EV:  7    Int:  8    God:
Gold:   185        SH: 10    Dex: 13    Spells: 6/6 levels left

rFire    . . .     SeeInvis .   a - +0 war axe
rCold    . . .     Gourm    .   c - +0 kite shield
rNeg     . . .     Faith    .   b - +0 scale mail
rPois    .         Spirit   +   (no helmet)
rElec    .         Reflect  .   (no cloak)
rCorr    .         Harm     .   g - +0 pair of gloves
MR       .....                  (no boots)
Stlth    ..........             (no amulet)
HPRegen  0.52/turn              (no ring)
MPRegen  0.11/turn              (no ring)

@: mighty
A: fangs 2, regeneration 1, magic shield, antimagic bite, no potion heal 3, rot
immunity
a: no special abilities


You were on level 5 of the Dungeon.
You were not hungry.

You visited 1 branch of the dungeon, and saw 5 of its levels.

You collected 185 gold pieces.

Inventory:

Hand Weapons
 a - a +0 war axe (weapon)
Missiles
 o - 3 javelins (quivered)
Armour
 b - a +0 scale mail (worn)
 c - a +0 kite shield (worn)
 g - a +0 pair of gloves (worn)
Jewellery
 l - a +5 ring of protection {unknown}
Wands
 r - a wand of polymorph (6)
 x - a wand of digging (3)
Scrolls
 i - 4 scrolls of identify {unknown}
 j - a scroll of blinking {unknown}
 k - 3 scrolls of teleportation {unknown}
 m - a scroll of magic mapping {unknown}
 p - 2 scrolls of fog {unknown}
 s - a scroll of immolation {unknown}
 v - a scroll of random uselessness {unknown}
Potions
 d - a potion of might
 e - 2 potions of ambrosia
 n - a potion of magic {unknown}
 q - a potion of curing {unknown}
 t - 2 potions of flight {unknown}
 w - a potion of resistance {unknown}
Comestibles
 f - 3 rations
 u - 7 chunks of flesh


   Skills:
 + Level 4.2 Fighting
 * Level 4.7 Axes
 + Level 3.8 Armour
 + Level 4.1 Shields


You had 6 spell levels left.
You didn't know any spells.
Your spell library was empty.

Dungeon Overview and Level Annotations

Branches:
Dungeon (5/15)
 Temple: D:4-7

Altars:
Elyvilon

Annotations:
D:4 Edmund


Innate Abilities, Weirdness & Mutations

You have extremely sharp teeth.
Your natural rate of healing is unusually fast.
When hurt, damage is shared between your health and your magic reserves.
Your bite disrupts and absorbs the magic of your enemies.
Potions cannot restore your health.
You are immune to rotting.


Message History

You block the worker ant's attack. Something hits you but does no damage.
The hound bites you.
* * * LOW HITPOINT WARNING * * *
You feel very mighty all of a sudden. You block the worker ant's attack.
The hound bites you but does no damage. Something hits you but does no damage.
Unknown command.
You miss the hound. You bite the hound.
You kill the hound!
You miss something. You hit the worker ant. The worker ant bites you.
* * * LOW HITPOINT WARNING * * *
Something hits you.
* * * LOW HITPOINT WARNING * * *
The worker ant closely misses you.
You closely miss the worker ant. Your bite misses the worker ant.
The worker ant is heavily wounded.
You closely miss something. Something hits you but does no damage.
The worker ant bites you but does no damage.
The worker ant bites you.
You die...

#......# #......#
#......# #
#.)..).##### .#
#..........# ..
#..........####.###
#..................
#.........{........
###........@......#
#.###...#a......#
#. #.#.........# #.
#.#...#######
#.#...# ...[%..
....#... .......


You could see a worker ant.

Vanquished Creatures
  Grinder (D:3)
  An ogre (D:5)
  A scorpion (D:4)
  2 hounds (D:5)
  3 orc wizards
  Ijyb (D:4)
  An iguana (D:4)
  A worker ant zombie (D:3)
  4 gnolls (D:3)
  A river rat (D:3)
  A worm (D:2)
  A dart slug (D:1)
  2 leopard geckos
  7 orcs
  3 ball pythons
  7 giant cockroaches
  2 goblins
  8 hobgoblins
  A kobold (D:2)
  3 quokkas
  3 bats
  2 frilled lizards
  A leopard gecko skeleton (D:4)
  6 rats
63 creatures vanquished.

Notes
Turn   | Place    | Note
-------+----------+-------------------------------------------
     0 | D:1      | Jannitor the Vine Stalker Fighter began the quest for the
                  | Orb.
     0 | D:1      | Reached XP level 1. HP: 11/11 MP: 2/2
   166 | D:1      | Reached XP level 2. HP: 11/16 MP: 3/3
   643 | D:2      | Reached XP level 3. HP: 20/20 MP: 4/4
  1039 | D:3      | Noticed Grinder
  1046 | D:3      | Paralysed by Grinder for 6 turns
  1059 | D:3      | Killed Grinder
  1059 | D:3      | Gained mutation: Your natural rate of healing is unusually
                  | fast. [Vine Stalker growth]
  1059 | D:3      | Reached XP level 4. HP: 9/25 MP: 2/5
  1059 | D:3      | Reached XP level 5. HP: 10/28 MP: 2/6
  1059 | D:3      | Reached XP level 6. HP: 12/32 MP: 2/7
  1590 | D:4      | Found a white marble altar of Elyvilon.
  1628 | D:4      | Reached XP level 7. HP: 37/37 MP: 8/8
  1650 | D:4      | Noticed Ijyb
  1660 | D:4      | Killed Ijyb
  1689 | D:4      | Noticed Edmund
  1729 | D:5      | Entered Level 5 of the Dungeon
  1862 | D:5      | Slain by a worker ant

Levels and vault maps discovered:
D:1:      ncdulo_lavacross, layout_loops_cross
D:2:      layout_loops_ring, lemuel_round_altar, first_ration
D:3:      layout_loops_ring, gup_sewer_entry_spiral, uniq_grinder
D:4:      layout_basic, nicolae_overflow_crystal_walls, uniq_pikel,
          uniq_crazy_yiuf_cottage, uniq_ijyb, uniq_edmund, uniq_eustachio
D:5:      kennysheep_big_flooded_room, layout_basic,
          nicolae_gozag_cash_rules_everything_around_me, serial_shops, shop,
          serial_bayou_lake_a, uniq_blork_the_orc

Skill      XL: |  1  2  3  4  5  6  7 |
---------------+----------------------+-----
Axes           | 2 3 4 |  4.7
Fighting       | 3 4 |  4.2
Shields        | 3 4 |  4.1
Armour         | 3 |  3.8

Action                   |  1- 3 |  4- 6 |  7- 9 || total
-------------------------+-------+-------+-------++-------
Melee: War axe           |    85 |   101 |    36 ||   222
       Bite              |    27 |    33 |    22 ||    82
  Use: Potion            |     1 |       |     3 ||     4
  Eat: Chunk             |     1 |     2 |     1 ||     4
Armor: Scale mail        |    35 |    53 |    27 ||   115
Dodge: Dodged            |    33 |    21 |    10 ||    64
Block: Kite shield       |    40 |    45 |    24 ||   109

Table legend:
 A = Non-vault XP
 B = Vault XP
 C = Vault XP percentage of total XP
 D = Non-vault monster count
 E = Vault monster count
 F = Vault count percentage of total count
                 A         B        C        D         E       F
            +---------+---------+-------+---------+---------+-------
      Total |     574 |     330 |  36.5 |      53 |      10 |  15.9
            +---------+---------+-------+---------+---------+-------
        D:1 |      28 |       0 |   0.0 |      16 |       0 |   0.0
        D:2 |      13 |       0 |   0.0 |       5 |       0 |   0.0
        D:3 |      87 |     294 |  77.2 |      13 |       9 |  40.9
        D:4 |     209 |      36 |  14.7 |      14 |       1 |   6.7
        D:5 |     237 |       0 |   0.0 |       5 |       0 |   0.0
            +---------+---------+-------+---------+---------+-------
